 Dungeon Crawl Stone Soup version 0.30-a0-949-g53dc5368d7 (webtiles) character file.

Game seed: 12267854644112699174

210 mopl the Insei (level 6, 0/42 HPs)
             Began as a Djinni Transmuter on Mar 27, 2023.
             Was a Follower of Elyvilon.
             Slain by an adder (2 damage)
             ... on level 5 of the Dungeon.
             The game lasted 00:03:52 (2358 turns).

mopl the Insei (Djinni Transmuter)                  Turns: 2358, Time: 00:03:52

Health: 0/42       AC:  2    Str: 11    XL:     6   Next: 12%
Gold:   72         EV: 12    Int: 15    God:    Elyvilon [*.....] SH:  0 Dex: 13

rFire   + + .      SeeInvis .    l - +4 short sword
rCold   x . .      Faith    .    (no shield)
rNeg    . . .      Spirit   .    a - +0 robe
rPois   ∞          Reflect  .    (helmet currently unavailable)
rElec   .          Rampage  .    (no cloak)
rCorr   .                        (no gloves)
Will    .....                    (boots unavailable)
Stlth   +                        (no amulet)
HPRegen 0.27/turn                (no ring)
MPRegen 0.00/turn                (no ring)

@: appendages (expiring), flying
A: horns 2, flying, sickness immunity, fire resistance 2, cold vulnerability 1,
float, innate caster, HP casting, extra vitality 1
a: End Transformation, Renounce Religion, Purification


You were on level 5 of the Dungeon.
You worshipped Elyvilon.
Elyvilon was aware of your devotion.
You had temporarily grown beastly horns.
You visited 1 branch of the dungeon, and saw 5 of its levels.

You collected 128 gold pieces.
You spent 56 gold pieces at shops.

Inventory:

Hand Weapons
 l - a +4 short sword (weapon)
Missiles
 d - 3 poisoned darts
Armour
 a - a +0 robe (worn)
 k - a +0 buckler
Scrolls
 c - 3 scrolls of identify {unknown}
 e - a scroll of fear
 h - 3 scrolls of teleportation {unknown}
 i - a scroll of vulnerability {unknown}
 j - a scroll of poison {unknown}
Potions
 b - a potion of lignification {!q}
 f - 2 potions of mutation {unknown}
 g - a potion of might {unknown}
 m - a potion of curing {unknown}


   Skills:
 - Level 1.0 Fighting
 - Level 2.1 Dodging
 * Level 5.5 Unarmed Combat
 + Level 2.8 Spellcasting


You knew the following spells:

 Your Spells              Type           Power      Damage    Failure   Level
a - Beastly Appendage     Tmut           20%        N/A       6%          1
b - Spider Form           Tmut/Pois      10%        N/A       19%         3
c - Summon Small Mammal   Summ           40%        N/A       6%          1
d - Ice Form              Ice/Tmut       10%        N/A       54%         4
e - Blink                 Tloc           20%        N/A       10%         2
w - Wereblood             Tmut           10%        N/A       10%         2
Your spell library was empty.

Dungeon Overview and Level Annotations

Branches:
Dungeon (4/15)
 Temple: D:4-7

Altars:
Elyvilon

Shops:
D:1 ?

Annotations:
D:3 Grinder, Jessica


Innate Abilities, Weirdness & Mutations

You have temporarily grown beastly horns.
You are flying.
You are immune to sickness and miasma.
You are immune to poison.
Your flesh is very heat resistant. (rF++)
You are vulnerable to cold. (rC-)
You float through the air rather than walking.
You learn spells naturally, not from books.
Your magical power is your life essence.
You have superior vitality. (+4 MHP)


Message History

The adder is heavily wounded.
The adder closely misses you. The adder bites you but does no damage.
You closely miss the adder.
The adder is heavily wounded.
The adder closely misses you.
You closely miss the adder.
The adder is heavily wounded.
The adder barely misses you.
You closely miss the adder. Your headbutt misses the adder.
The adder is heavily wounded.
The adder bites you.
* * * LOW HITPOINT WARNING * * *
The adder bites you but does no damage.
You miss the adder. Your headbutt misses the adder.
The adder is heavily wounded.
The adder barely misses you.
You hit the adder.
The adder is heavily wounded.
The adder bites you but does no damage.
You closely miss the adder.
The adder is heavily wounded.
Your transformation is almost over.
The adder bites you but does no damage. The adder bites you.
* * * LOW HITPOINT WARNING * * *
You miss the adder.
The adder is heavily wounded.
The adder misses you.
You miss the adder.
The adder is heavily wounded.
The adder bites you.
* * * LOW HITPOINT WARNING * * *
You barely miss the adder.
The adder is heavily wounded.
The adder bites you. Elyvilon protects you from harm!
You hit the adder.
You headbutt the adder, but do no damage.
The adder is severely wounded.
The adder bites you.
You die...

####### #.....#
. #.....# ...
#.....####.....
#.....'@S......
#.....####.....
#.....# .>.
#####.####.....
#.........
#.#.##.#.#
#.#... #####
#.##### .....
#.# #####


You could see an adder.

Vanquished Creatures
  Terence (D:3)
  7 adders
  3 gnolls (D:2)
  An ufetubus (D:5)
  6 dart slugs
  5 orcs (D:3)
  5 bats
  10 endoplasms
  3 giant cockroaches
  6 hobgoblins
  2 jackals (D:2)
  3 quokkas
  2 ball pythons
  5 frilled lizards
  6 goblins
  6 kobolds
  A rat (D:1)
72 creatures vanquished.

Notes
Turn   | Place    | Note
-------+----------+-------------------------------------------
     0 | D:1      | mopl the Djinni Transmuter began the quest for the Orb.
     0 | D:1      | mopl set off with the following spells memorised: Beastly
                  | Appendage, Wereblood, Spider Form, Ice Form.
     0 | D:1      | Reached XP level 1. HP: 17/17 MP: 0/0
   157 | D:2      | Reached XP level 2. HP: 11/22 MP: 0/0
   346 | D:1      | Reached XP level 3. HP: 24/27 MP: 0/0
   346 | D:1      | Learned a level 1 spell: Summon Small Mammal
   369 | D:1      | Reached skill level 2 in Spellcasting
   403 | D:1      | Found The Oracle's Delphic Readings.
   415 | D:1      | Bought a scroll of fear for 56 gold pieces
   713 | D:2      | Reached skill level 4 in Unarmed Combat
   739 | D:2      | Found a white marble altar of Elyvilon.
   749 | D:2      | Reached XP level 4. HP: 25/32 MP: 0/0
   752 | D:2      | Became a worshipper of Elyvilon the Healer
   758 | D:2      | Found a faded altar of an unknown god.
  1258 | D:2      | Reached XP level 5. HP: 20/37 MP: 0/0
  1258 | D:2      | Learned a level 2 spell: Blink
  1483 | D:2      | Reached * piety under Elyvilon
  1826 | D:2      | Reached skill level 5 in Unarmed Combat
  2088 | D:3      | Noticed Jessica
  2090 | D:3      | Noticed Terence
  2093 | D:3      | Noticed Grinder
  2099 | D:3      | Paralysed by Grinder for 4 turns
  2145 | D:3      | Killed Terence
  2146 | D:3      | Reached XP level 6. HP: 4/42 MP: 0/0
  2150 | D:4      | You are sucked into a shaft and drop 1 floor!
  2150 | D:5      | Entered Level 5 of the Dungeon
  2356 | D:5      | HP: 2/42 [adder (4)]
  2357 | D:5      | Elyvilon protects you from harm!
  2358 | D:5      | Slain by an adder

Illustrated notes

Levels and vault maps discovered:
D:1:      minmay_arrival_glassed_features, layout_basic,
          nicolae_nh_oracle_at_delphi
D:2:      layout_basic, basic_altar, shapermc_ecumenical_altar_totnotflames,
          st_stairs_6
D:3:      layout_basic, okawaru_altar_gauntlet_db, marbit_many_paths,
          uniq_grinder, uniq_jessica, uniq_terence, uniq_natasha
D:4:      layout_rooms, kiku_gazebo_pond_becter, grunt_temple_overflow_open,
          minmay_temple_entry_large_hall, serial_demonic, serial_demonic_g,
          serial_demonic_a, serial_demonic_b, serial_demonic_b,
          minmay_box_of_dots
D:5:      layout_basic, st_stairs_4, uniq_sigmund

Skill      XL: |  1  2  3  4  5 |
---------------+----------------+-----
Spellcasting   | 2 |  2.8
Unarmed Combat | 4 5 |  5.5
Fighting       | |  1.0
Dodging        | |  2.1

Action                     |  1- 3 |  4- 6 || total
---------------------------+-------+-------++-------
  Melee: Unarmed           |    90 |   102 ||   192
         Headbutt          |    15 |    13 ||    28
         Punch             |       |     2 ||     2
         Short sword       |       |    50 ||    50
   Cast: Beastly Appendage |    17 |    16 ||    33
         Spider Form       |       |     6 ||     6
   Stab: Sleeping          |     2 |     1 ||     3
 Armour: Robe              |    15 |    22 ||    37
  Dodge: Dodged            |    46 |   109 ||   155

Table legend: (Time is in decaauts)
 A = Elapsed time spent in this place.
 B = Non-inter-level travel time spent in this place.
 C = Inter-level travel time spent in this place.
 D = Time resting spent in this place.
 E = Time spent auto-exploring this place.
 F = Levels seen in this place.
 G = Mean time per level.
                   A        B        C        D        E       F      G
               +--------+--------+--------+--------+--------+-----+--------+
         Total |   2344 |   2286 |     58 |    452 |   1238 |   5 |  468.8 |
       Dungeon |   2344 |   2286 |     58 |    452 |   1238 |   5 |  468.8 |
               +--------+--------+--------+--------+--------+-----+--------+

Top non-repeatable levels by time:
     D:2: 1188 daAuts
     D:1: 726 daAuts
     D:3: 218 daAuts
     D:5: 207 daAuts
     D:4: 2 daAuts
